 Dungeon Crawl Stone Soup version 0.25-a0-1002-gbcf8c60d55 (webtiles) character file.

Game seed: 13160079676491907327, levelgen mode: deterministic

17425 Barylka the Geomancer (level 12, -4/64 HPs)
             Began as a Gargoyle Earth Elementalist on May 11, 2020.
             Was a High Priest of Vehumet.
             Slain by a polar bear (14 damage)
             ... in an ice cave.
             The game lasted 00:34:40 (15287 turns).

Barylka the Geomancer (GrEE)                       Turns: 15287, Time: 00:34:40

Health: -4/64      AC: 19    Str: 12    XL:     12   Next: 47%
Magic:  6/23       EV: 14    Int: 21    God:    Vehumet [*****.]
Gold:   646        SH:  4    Dex: 10    Spells: 12/26 levels left

rFire    . . .     SeeInvis .   C - +6 flail (vorpal)
rCold    + + .     Gourm    .   (no shield)
rNeg     + . .     Faith    .   k - +2 robe {rC+}
rPois    ∞         Spirit   .   (helmet restricted)
rElec    +         Reflect  .   m - +2 cloak {MR+}
rCorr    .         Harm     .   D - +0 pair of gloves
MR       +....                  z - +0 pair of boots
Stlth    +++.......             t - amulet of magic regeneration
HPRegen  0.20/turn              r - ring of protection from cold
MPRegen  0.43/turn              x - ring of stealth

@: no status effects
A: antennae 1, hooves 1, large bone plates 1, frail 1, negative energy
resistance 1, electricity resistance, unbreathing, petrification resistance, rot
immunity, AC +8
a: Renounce Religion


You were in an ice cave.
You worshipped Vehumet.
Vehumet was extremely pleased with you.
You were not hungry.

You visited 2 branches of the dungeon, and saw 12 of its levels.
You also visited: Ice Cave.

You collected 646 gold pieces.

Inventory:

Hand Weapons
 C - a +6 vorpal flail (weapon)
 I - a cursed +6 dire flail
 K - a +0 demon blade of draining
Missiles
 E - 5 throwing nets (quivered)
Armour
 k - a +2 robe of cold resistance (worn)
 m - a +2 cloak of magic resistance (worn)
 p - a +1 helmet
 z - a +0 pair of boots (worn)
 D - a +0 pair of gloves (worn)
Jewellery
 q - an uncursed ring of positive energy
 r - a ring of protection from cold (left hand)
 t - an amulet of magic regeneration (around neck)
 x - a ring of stealth (right hand)
Wands
 c - a wand of flame (55)
 w - a wand of enslavement (14)
 y - a wand of digging (6)
Scrolls
 b - 3 scrolls of amnesia
 g - 8 scrolls of teleportation
 h - 5 scrolls of fear
 o - 2 scrolls of remove curse
 u - a scroll of magic mapping
 F - a scroll of immolation
Potions
 a - 3 potions of stabbing
 e - 2 potions of curing
 n - a potion of flight
 s - a potion of lignification
 A - a potion of haste
Comestibles
 d - 17 rations
 f - 5 chunks of flesh


   Skills:
 + Level 7.1 Fighting
 + Level 6.3 Maces & Flails
 - Level 6.0 Armour
 + Level 5.5 Dodging
 - Level 2.1 Stealth
 + Level 7.8 Spellcasting
 + Level 8.6 Conjurations
   Level 0.7 Transmutations
 * Level 4.1 Fire Magic
 + Level 10.3 Earth Magic
 + Level 5.5 Evocations


You had 12 spell levels left.
You knew the following spells:

 Your Spells              Type           Power        Failure   Level  Hunger
a - Sandblast             Erth           ######       1%          1    None
b - Stone Arrow           Conj/Erth      #####.       1%          3    None
c - Lee's Rapid Deconstr  Erth           ######....   1%          5    #####..
d - Fireball              Conj/Fire      #####.....   4%          5    #####..

Your spell library contained the following spells:

 Spells                   Type           Power        Failure   Level  Hunger
 Iskenderun's Mystic Bla  Conj/Tloc      ####....     4%          4    ###....
 Foxfire                  Conj/Fire      ####         1%          1    None
 Shock                    Conj/Air       ####         1%          1    None
 Passwall                 Tmut/Erth      ####....     1%          2    None
 Conjure Flame            Conj/Fire      #####...     1%          3    None
 Dazzling Flash           Conj/Hex       ####..       1%          3    None
 Static Discharge         Conj/Air       ####....     1%          3    None
 Sticky Flame             Conj/Fire      #####...     1%          4    ###....
 Freeze                   Ice            #...         2%          1    None
 Inner Flame              Hex/Fire       ###.....     3%          3    None
 Hailstorm                Conj/Ice       ####....     4%          4    ###....
 Beastly Appendage        Tmut           ##....       6%          1    None
 Frozen Ramparts          Ice            #.....       7%          3    None
 Corona                   Hex            #......      9%          1    None
 Infusion                 Chrm           #...         9%          1    None
 Sticks to Snakes         Tmut           ##......     9%          2    None
 Petrify                  Tmut/Erth      ####....     9%          4    ###....
 Lightning Bolt           Conj/Air       ####......   11%         5    #####..
 Ensorcelled Hibernation  Hex/Ice        #.....       12%         2    None
 Shroud of Golubria       Chrm/Tloc      #.....       12%         2    None
 Song of Slaying          Chrm           #.......     12%         2    None
 Swiftness                Chrm/Air       #.......     12%         2    None
 Airstrike                Air            #.........   21%         4    ###....
 Spider Form              Tmut/Pois      #.........   22%         3    None
 Confusing Touch          Hex            #.......     24%         3    None
 Gell's Gravitas          Tloc           #.........   24%         3    None
 Ozocubu's Armour         Chrm/Ice       #.......     24%         3    None
 Spectral Weapon          Hex/Chrm       #.......     24%         3    None
 Tukima's Dance           Hex            #.......     24%         3    None
 Yara's Violent Unravell  Hex/Tmut       #.........   43%         5    #####..
 Ice Form                 Ice/Tmut       #.......     56%         4    ###....
 Summon Ice Beast         Ice/Summ       #.......     63%         4    ###....
 Blade Hands              Tmut           ##........   86%         5    #####..
 Metabolic Englaciation   Hex/Ice        #.........   92%         5    #####..


Dungeon Overview and Level Annotations

Branches:
Dungeon (11/15)            Temple (1/1) D:6             Orc (0/2) D:9
  IceCv (1/1)
   Lair: D:8-11

Altars:
Ashenzari
Cheibriados
Dithmenos
Elyvilon
Fedhas
Gozag
Hepliaklqana
Kikubaaqudgha
Makhleb
Nemelex Xobeh
Okawaru
Qazlal
Ru
Sif Muna
Trog
Uskayaw
Vehumet
Xom
Yredelemnul
Zin
The Shining One

Shops:
D:7 %

Annotations:
D:4 1 runed translucent door, kuniqs's ghost, novice HuGl


Innate Abilities, Weirdness & Mutations

You are resistant to torment.
Your stone body is resilient. (AC +8)
You are immune to poison.
You resist negative energy. (rN+)
You are resistant to electric shocks. (rElec)
You can survive without breathing.
You are immune to petrification.
You are immune to rotting.
You have a pair of small antennae on your head.
You have large cloven feet.
You are partially covered in large bone plates. (SH +4)
You are frail. (-10% HP)


Message History

Press: ? - help, Dir - move target cursor An ice covered rock wall.
The wall shatters!
The blast of rock fragments hits the polar bear!!
The polar bear is severely wounded.
The blast of rock fragments hits the polar bear!
The polar bear is almost dead.
You are starving!
The polar bear completely misses you. x2; The polar bear misses you.
The polar bear bites you but does no damage.
You block the polar bear's attack.
The polar bear claws you but does no damage.
Unknown command.
You don't have the energy to cast that spell.
Unknown command.
Unknown command.
Eat one of 5 chunks of flesh? (ye/n/q)
You eat one of the 18 rations.
That ration really hit the spot!
The polar bear bites you!
You die...

.. #..###..
..#
##...###. ..
##.....##.
#.
##......##.
#.##
#..##.....#
#..#
##.###......
#†## #..#
##....÷ #hh#
#.## #.....
#.@## ##..#
##.÷.. ##..#
#..## #....
#..###..#
##..#
##..##..#
####
#..#..##
##...##
#..## ####


You could see 2 polar bears.

Vanquished Creatures
  Harold (D:8)
  A centaur warrior (D:10)
  A two-headed ogre (D:8)
  Pikel (D:7)
  A moth of wrath (D:9)
  A gargoyle (D:10)
  An ice statue (IceCv)
  2 rime drakes (D:11)
  3 trolls
  16 polar bears (IceCv)
  A hornet (D:10)
  Prince Ribbit (D:8)
  A spriggan (D:7)
  Sigmund (D:4)
  Grum (D:8)
  A steam dragon (D:9)
  A hungry ghost (D:7)
  13 yaks
  Edmund (D:6)
  A naga (D:9)
  2 water moccasins
  A porcupine (D:8)
  Duvessa (D:5)
  2 ice beasts
  3 sky beasts
  2 orc warriors
  2 phantoms
  5 wolves
  A black bear (D:6)
  8 ogres
  3 centaurs
  2 big kobolds
  7 bullfrogs
  3 scorpions
  Dowan (D:5)
  11 killer bees
  14 wights
  6 howler monkeys
  An electric eel (D:8)
  3 crimson imps
  A bullfrog zombie (D:9)
  2 quasits
  3 hounds
  A bullfrog skeleton (D:7)
  9 orc priests
  Crazy Yiuf (D:3)
  3 iguanas
  A jelly (D:6)
  14 orc wizards
  Jessica (D:3)
  7 worker ants
  A killer bee zombie (D:8)
  2 hound skeletons
  Robin (D:3)
  4 gnolls
  11 adders
  2 shadow imps
  2 oozes
  An adder zombie (D:8)
  An adder skeleton (D:4)
  6 worms
  6 dart slugs
  7 leopard geckos
  45 orcs
  4 giant cockroaches
  18 goblins
  10 hobgoblins
  19 jackals
  23 kobolds
  4 quokkas
  6 ball pythons
  3 bats
  A frilled lizard (D:1)
  A jackal skeleton (D:4)
  A quokka skeleton (D:7)
  9 rats
359 creatures vanquished.

Vanquished Creatures (others)
  A centaur (D:9)
  A worker ant (D:7)
  A shadow imp (D:9)
  3 bushes (D:11)
  A fungus (D:11)
  9 plants
16 creatures vanquished.

Grand Total: 375 creatures vanquished

Notes
Turn   | Place    | Note
-------+----------+-------------------------------------------
     0 | D:1      | Barylka the Gargoyle Earth Elementalist began the quest for
                  | the Orb.
     0 | D:1      | Reached XP level 1. HP: 10/10 MP: 3/3
   311 | D:1      | Reached XP level 2. HP: 14/15 MP: 5/5
   331 | D:1      | Reached skill level 4 in Earth Magic
   948 | D:1      | Reached XP level 3. HP: 14/19 MP: 0/6
  1295 | D:1      | Learned a level 3 spell: Stone Arrow
  1974 | D:2      | Reached skill level 1 in Conjurations
  1974 | D:2      | Reached XP level 4. HP: 24/24 MP: 1/8
  2173 | D:2      | Found a glowing silver altar of Zin.
  2174 | D:2      | Found a burning altar of Makhleb.
  2175 | D:2      | Found an opulent altar of Gozag.
  2443 | D:2      | Found a shadowy altar of Dithmenos.
  2445 | D:2      | Found a faded altar of an unknown god.
  2458 | D:2      | Reached skill level 5 in Earth Magic
  2458 | D:2      | Reached XP level 5. HP: 21/28 MP: 2/9
  3389 | D:2      | Found a faded altar of an unknown god.
  3402 | D:2      | Found a shadowy altar of Dithmenos.
  3545 | D:3      | Found a stormy altar of Qazlal.
  3547 | D:3      | Noticed a fire elemental
  3549 | D:3      | Noticed a water elemental
  3549 | D:3      | Noticed an air elemental
  3719 | D:3      | Noticed Jessica
  3721 | D:3      | Reached XP level 6. HP: 22/32 MP: 11/11
  3721 | D:3      | Killed Jessica
  4191 | D:3      | Found a runed translucent door.
  4192 | D:3      | Noticed Crazy Yiuf
  4200 | D:3      | Killed Crazy Yiuf
  4300 | D:3      | Reached skill level 6 in Earth Magic
  4631 | D:3      | Noticed Robin
  4638 | D:3      | Killed Robin
  5151 | D:4      | Noticed kuniqs's ghost (novice HuGl)
  5179 | D:4      | Found a runed translucent door.
  5211 | D:4      | Reached XP level 7. HP: 36/36 MP: 9/13
  5694 | D:4      | Reached skill level 5 in Spellcasting
  5694 | D:4      | Reached skill level 7 in Earth Magic
  6087 | D:4      | Reached XP level 8. HP: 42/42 MP: 8/15
  6301 | D:4      | Reached skill level 1 in Fighting
  6303 | D:4      | Reached skill level 1 in Armour
  6310 | D:4      | Noticed Sigmund
  6313 | D:4      | Reached skill level 1 in Maces & Flails
  6319 | D:4      | Reached skill level 5 in Conjurations
  6327 | D:4      | Killed Sigmund
  6572 | D:5      | Entered Level 5 of the Dungeon
  6598 | D:5      | Noticed Dowan
  6603 | D:5      | Killed Dowan
  6603 | D:5      | Reached skill level 1 in Evocations
  6604 | D:5      | Noticed Duvessa
  6618 | D:5      | Killed Duvessa
  7210 | D:5      | Found a shattered altar of Ashenzari.
  7734 | D:6      | Reached XP level 9. HP: 49/49 MP: 12/17
  7752 | D:6      | Found a staircase to the Ecumenical Temple.
  7762 | Temple   | Entered the Ecumenical Temple
  7908 | Temple   | Became a worshipper of Vehumet
  8093 | D:6      | Noticed Edmund
  8104 | D:6      | Killed Edmund
  8684 | D:6      | Learned a level 5 spell: Lee's Rapid Deconstruction
  8722 | D:6      | Reached skill level 8 in Earth Magic
  9278 | D:7      | Found a glowing golden altar of the Shining One.
  9302 | D:7      | Reached * piety under Vehumet
  9302 | D:7      | Offered knowledge of Magic Dart by Vehumet.
  9675 | D:7      | Noticed Pikel
  9687 | D:7      | Found Kirphiuse's Food Shop.
  9690 | D:7      | Killed Pikel
  9690 | D:7      | Reached XP level 10. HP: 36/57 MP: 4/19
  9999 | D:7      | Found a bloodstained altar of Trog.
 10328 | D:8      | Offered knowledge of Shock by Vehumet.
 10329 | D:8      | Reached ** piety under Vehumet
 10797 | D:8      | Gained mutation: You are partially covered in large bone
                  | plates. (SH +4) [potion of mutation]
 10797 | D:8      | Gained mutation: You have large cloven feet. [potion of
                  | mutation]
 10797 | D:8      | Gained mutation: You are frail. (-10% HP) [potion of
                  | mutation]
 10797 | D:8      | Gained mutation: You have a pair of small antennae on your
                  | head. [potion of mutation]
 10883 | D:8      | Noticed a two-headed ogre
 10888 | D:8      | Killed a two-headed ogre
 11116 | D:8      | Noticed Grum
 11121 | D:8      | Killed Grum
 11121 | D:8      | Reached skill level 5 in Fighting
 11121 | D:8      | Reached skill level 9 in Earth Magic
 11127 | D:8      | Reached skill level 5 in Armour
 11253 | D:8      | Offered knowledge of Inner Flame by Vehumet.
 11342 | D:8      | Noticed Prince Ribbit
 11351 | D:8      | Killed Prince Ribbit
 11420 | D:8      | Noticed Harold
 11436 | D:8      | Killed Harold
 11436 | D:8      | Reached XP level 11. HP: 38/57 MP: 21/21
 11555 | D:8      | Reached *** piety under Vehumet
 11999 | D:9      | Found a hide-covered altar of Uskayaw.
 12231 | D:9      | Reached skill level 5 in Maces & Flails
 12371 | D:9      | Noticed a moth of wrath
 12374 | D:9      | Found a bloodstained altar of Trog.
 12377 | D:9      | Killed a moth of wrath
 12791 | D:9      | Found a white marble altar of Elyvilon.
 12814 | D:9      | Offered knowledge of Olgreb's Toxic Radiance by Vehumet.
 13149 | D:9      | Found a staircase to the Orcish Mines.
 13394 | D:10     | Entered Level 10 of the Dungeon
 13461 | D:10     | Noticed a centaur warrior
 13471 | D:10     | Killed a centaur warrior
 13694 | D:10     | Learned a level 5 spell: Fireball
 13742 | D:10     | Reached skill level 5 in Dodging
 13742 | D:10     | Reached skill level 1 in Fire Magic
 13743 | D:10     | Reached **** piety under Vehumet
 13867 | D:10     | Offered knowledge of Ignite Poison by Vehumet.
 13979 | D:10     | Reached skill level 5 in Evocations
 14460 | D:11     | Reached skill level 10 in Earth Magic
 14460 | D:11     | Reached XP level 12. HP: 45/63 MP: 4/23
 14473 | D:11     | Found a frozen archway.
 14486 | IceCv    | Entered an ice cave
 14507 | IceCv    | HP: 1/63 [polar bear (15)]
 14873 | IceCv    | Reached ***** piety under Vehumet
 14983 | IceCv    | Offered knowledge of Iskenderun's Mystic Blast by Vehumet.
 15287 | IceCv    | Slain by a polar bear

Illustrated notes

Levels and vault maps discovered:
D:1:      dpeg_arrival_shrine, layout_loops_corners
D:2:      layout_rooms, gammafunk_temple_overflow_forgotten, serial_glass,
          glass_columns_b, glass_columns_c, glass_columns_a, glass_columns_c,
          chequers_ecumenical_altar_simple,
          nicolae_dithmenos_through_a_glass_darkly
D:3:      layout_loops_cross, nicolae_qazlal_style_of_elements,
          minmay_quadrilaterals, uniq_robin, uniq_jessica,
          uniq_crazy_yiuf_cottage
D:4:      minmay_chambers_of_twos, layout_loops_cross, first_ration,
          hellmonk_ghost_happy_afterlife, uniq_sigmund
D:5:      layout_basic, cheibrodos_ashenzari_chains, uniq_duvessa
D:6:      layout_loops_corners, minmay_temple_entry_statues_pillars, uniq_edmund
D:7:      layout_loops_ring, lemuel_round_altar, lemuel_round_altar,
          serial_shops, nicolae_shop_behind_doors, the_bakery, uniq_pikel
D:8:      layout_loops_corners, chequers_avenue, serial_bayou_lagoon_a,
          uniq_harold, uniq_grum, uniq_prince_ribbit1
D:9:      layout_long_grid, lemuel_crystal_altar, lemuel_round_altar,
          orc_0_dummy, tgw_trog
D:10:     layout_rooms, minmay_statues_item
D:11:     layout_basic, minmay_lair_entry_grove, portal_ice_cave_rime,
          uniq_fannar
Temple:   oiseaux_autumnal_temple
IceCv:    ice_cave_small_giant

Skill      XL: |  1  2  3  4  5  6  7  8  9 10 11 12 |
---------------+-------------------------------------+-----
Earth Magic    | 4 5 6 7 8 9 10 | 10.3
Spellcasting   | 3 4 5 6 7 |  7.8
Conjurations   | 1 2 3 4 5 6 7 8 |  8.6
Fighting       | 2 4 5 6 7 |  7.1
Armour         | 2 4 5 6 |  6.0
Maces & Flails | 2 3 4 5 6 |  6.3
Dodging        | 2 3 4 5 |  5.5
Evocations     | 1 3 4 5 |  5.5
Fire Magic     | 2 4 |  4.1
Stealth        | |  2.1
Transmutations | |  0.7

Action                   |  1- 3 |  4- 6 |  7- 9 | 10-12 || total
-------------------------+-------+-------+-------+-------++-------
Melee: Unarmed           |    16 |       |       |       ||    16
       Club              |     8 |       |       |       ||     8
       Mace              |    84 |    47 |       |       ||   131
       Dagger            |       |    75 |   244 |       ||   319
       Flail             |       |       |   100 |   308 ||   408
 Cast: Sandblast         |    27 |    45 |    35 |   113 ||   220
       Stone Arrow       |       |     6 |    49 |    63 ||   118
       Lee's Rapid Decon |       |       |     2 |    41 ||    43
       Fireball          |       |       |       |     5 ||     5
Evoke: Wand              |       |     7 |     4 |    10 ||    21
  Use: Scroll            |       |    12 |    12 |     5 ||    29
       Potion            |       |     1 |     2 |     6 ||     9
 Stab: Sleeping          |     4 |     2 |     4 |     6 ||    16
  Eat: Chunk             |     4 |    10 |    18 |    26 ||    58
       Ration            |       |       |       |     2 ||     2
Armor: Robe              |    42 |    55 |   146 |   223 ||   466
Dodge: Dodged            |    98 |    87 |   205 |   317 ||   707
Block: Other             |       |       |       |    76 ||    76

Table legend:
 A = Non-vault XP
 B = Vault XP
 C = Vault XP percentage of total XP
 D = Non-vault monster count
 E = Vault monster count
 F = Vault count percentage of total count
                 A         B        C        D         E       F
            +---------+---------+-------+---------+---------+-------
      Total |   13671 |   11222 |  45.1 |     291 |      69 |  19.2
            +---------+---------+-------+---------+---------+-------
        D:1 |      74 |       0 |   0.0 |      27 |       0 |   0.0
        D:2 |     153 |       0 |   0.0 |      30 |       0 |   0.0
        D:3 |     225 |     143 |  38.9 |      22 |      20 |  47.6
        D:4 |     628 |     579 |  48.0 |      21 |       7 |  25.0
        D:5 |     282 |     209 |  42.6 |       4 |       2 |  33.3
        D:6 |    1118 |     166 |  12.9 |      31 |       1 |   3.1
        D:7 |     892 |     880 |  49.7 |      25 |       2 |   7.4
        D:8 |    2381 |    1816 |  43.3 |      51 |       6 |  10.5
        D:9 |    3112 |     551 |  15.0 |      36 |       6 |  14.3
       D:10 |    4475 |       0 |   0.0 |      36 |       0 |   0.0
       D:11 |     331 |     758 |  69.6 |       8 |       2 |  20.0
      IceCv |       0 |    6120 | 100.0 |       0 |      23 | 100.0
            +---------+---------+-------+---------+---------+-------
